 Dungeon Crawl Stone Soup version 0.27-a0-1391-g48c30b3128 (webtiles) character file.

Game seed: 18410100927449102599

133 Nattfarinn the Stinger (level 5, -5/33 HPs)
             Began as an Octopode Transmuter on July 1, 2021.
             Slain by a goblin (7 damage)
             ... led by Robin
             ... on level 3 of the Dungeon.
             The game lasted 00:05:10 (3389 turns).

Nattfarinn the Stinger (Octopode Transmuter)        Turns: 3389, Time: 00:05:12

Health: -5/33      AC:  1    Str: 11    XL:     5   Next: 16%
Magic:  6/8        EV: 13    Int: 15    God:
Gold:   125        SH:  0    Dex: 12    Spells: 4/8 levels left

rFire    . . .     SeeInvis .   j - +1 whip (venom)
rCold    . . .     Faith    .   (no shield)
rNeg     . . .     Spirit   .   (helmet restricted)
rPois    .         Reflect  .   (no amulet)
rElec    .         Harm     .   (no ring)
rCorr    .         Rampage  .   (no ring)
Will     .....                  (no ring)
Stlth    ++........             (no ring)
HPRegen  0.11/turn              (no ring)
MPRegen  0.11/turn              (no ring)
                                (no ring)
                                (no ring)

@: no status effects
A: almost no armour, amphibious, 8 rings, camouflage 1, gelatinous body 1,
(nimble swimmer 1), tentacles
a: no special abilities


You were on level 3 of the Dungeon.
You visited 1 branch of the dungeon, and saw 3 of its levels.

You collected 125 gold pieces.

Inventory:

Hand Weapons
 j - a +1 whip of venom (weapon)
Missiles
 g - a throwing net
Jewellery
 k - an amulet of guardian spirit
Scrolls
 a - a scroll of torment
 e - a scroll of silence
 f - a scroll of amnesia {unknown}
 h - a scroll of teleportation {unknown}
Potions
 d - a potion of ambrosia
 i - a potion of flight {unknown}


   Skills:
 + Level 1.2 Fighting
 * Level 2.3 Dodging
 * Level 3.3 Unarmed Combat
 - Level 2.0 Spellcasting
 - Level 3.1 Transmutations
 - Level 4.0 Poison Magic


You had 4 spell levels left.
You knew the following spells:

 Your Spells              Type           Power      Damage    Failure   Level
a - Beastly Appendage     Tmut           20%        N/A       6%          1
b - Spider Form           Tmut/Pois      6%         N/A       16%         3

Your spell library contained the following spells:

 Spells                   Type           Power      Damage    Failure   Level
 Wereblood                Tmut           10%        N/A       10%         2
 Ice Form                 Ice/Tmut       6%         N/A       75%         4


Dungeon Overview and Level Annotations

Branches:
Dungeon (3/15)

Altars:

Annotations:
D:3 Robin


Innate Abilities, Weirdness & Mutations

You cannot wear most types of armour.
You are amphibious.
You can wear up to eight rings at the same time.
Your skin changes colour to match your surroundings (Stealth+).
Your rubbery body absorbs attacks. (AC +1, EV +1)
((You are camouflaged near water. (Stealth+)))
You have tentacles for arms and can constrict up to eight enemies at once.


Message History

You turn into a venomous arachnid creature.
Your +1 whip of venom melds into your body.
Your +1 whip of venom stops dripping with poison.
Robin roars a battlecry!
You hear a shout! x5 4 goblins come into view.
Your transformation is almost over.
The goblin shouts!
The hobgoblin shouts!
The goblin shouts!
You hear a shout! x2
The goblin moves out of view.
Things that are here:
a +0 club; a goblin corpse Unknown command.
Unknown command.
You barely miss Robin. Robin hits you with a +0 club.
You hit Robin but do no damage. Robin throws the goblin at you!
The goblin hits you with a +0 club.
You hit Robin.
Robin is poisoned.
Robin is moderately wounded.
Robin hits you with a +0 club! The goblin barely misses you.
The hobgoblin misses you. Robin barely misses you.
Unknown command.
Robin roars a battlecry!
The goblins go into a battle-frenzy!
Unknown command.
Unknown command.
Robin throws the goblin at you! The goblin misses you.
Unknown command.
Robin throws the goblin at you! The goblin hits you with a +0 dagger.
* * * LOW HITPOINT WARNING * * *
The goblin hits you with a +0 club.
* * * LOW HITPOINT WARNING * * *
Unknown command.
As you read the scroll of summoning, it crumbles to dust.
Wisps of shadow whirl around you...
Your transformation has ended.
Your +1 whip of venom unmelds from your body.
Your +1 whip of venom begins to drip with poison!
The goblin hits you with a +0 club!
You die...

.........##.# .##
.........##.#### ..#
.........##....# #.#
.........#####.####### #.# #
.....................# #.#.####
#####....#######.###.## #$#.....
#####....#######.###g.####......#
..............ogggg.g.gg..g.....+
####...#########@####)#####.g...#
#...# #.# #).# !....# ########
#S#####)## ....g. ..########
#........# g...## ..'......#
#........# ....# ..######.#
#........# g.g.# ..# #.#
#........# #'###
..######.#######........#
..............##.........


You could see Robin (poisoned), a hobgoblin (strong), 6 goblins, a friendly
adder (summoned, wandering) and a friendly orc (summoned).

Vanquished Creatures
  Terence (D:3)
  5 adders (D:2)
  A worm (D:2)
  A dart slug (D:2)
  An orc (D:3)
  4 endoplasms
  2 giant cockroaches (D:1)
  8 goblins
  6 hobgoblins
  6 jackals (D:2)
  A quokka (D:1)
  4 ball pythons
  7 bats
  3 frilled lizards
  3 kobolds (D:2)
53 creatures vanquished.

Notes
Turn   | Place    | Note
-------+----------+-------------------------------------------
     0 | D:1      | Nattfarinn the Octopode Transmuter began the quest for the
                  | Orb.
     0 | D:1      | Reached XP level 1. HP: 13/13 MP: 3/3
   290 | D:1      | Reached skill level 1 in Poison Magic
   356 | D:1      | Reached XP level 2. HP: 16/18 MP: 3/5
   761 | D:1      | Found a faded altar of an unknown god.
   791 | D:1      | Reached skill level 2 in Poison Magic
  1610 | D:2      | Reached XP level 3. HP: 21/23 MP: 6/6
  1859 | D:2      | Reached skill level 3 in Poison Magic
  2083 | D:2      | Reached XP level 4. HP: 21/28 MP: 5/7
  2582 | D:2      | Reached skill level 4 in Poison Magic
  2760 | D:2      | Learned a level 3 spell: Spider Form
  2829 | D:3      | Noticed Robin
  2922 | D:3      | Noticed Terence
  2931 | D:3      | Killed Terence
  2932 | D:3      | Reached XP level 5. HP: 13/33 MP: 4/8
  3389 | D:3      | Slain by a goblin

Illustrated notes

Levels and vault maps discovered:
D:1:      eino_arrival_cavern_e, layout_basic,
          hellmonk_ecumenical_altar_arch_garden
D:2:      layout_basic, minmay_diced_spiral
D:3:      layout_basic, uniq_robin, uniq_terence

Skill      XL: |  1  2  3  4 |
---------------+-------------+-----
Poison Magic   | 1 2 3 4 |  4.0
Transmutations | 3 |  3.1
Fighting       | |  1.2
Dodging        | |  2.3
Unarmed Combat | |  3.3
Spellcasting   | |  2.0

Action                   |  1- 3 |  4- 6 || total
-------------------------+-------+-------++-------
Melee: Unarmed           |    75 |    43 ||   118
       Kick              |     8 |     4 ||    12
       Constrict         |    18 |    11 ||    29
       Tentacles         |    12 |     6 ||    18
       Whip              |       |    23 ||    23
 Cast: Beastly Appendage |    12 |     2 ||    14
       Spider Form       |       |     4 ||     4
  Use: Scroll            |       |     4 ||     4
       Potion            |       |     1 ||     1
 Stab: Sleeping          |     3 |     2 ||     5
Armor: Skin              |     8 |     2 ||    10
Dodge: Dodged            |    43 |    49 ||    92

Table legend: (Time is in decaauts)
 A = Elapsed time spent in this place.
 B = Non-inter-level travel time spent in this place.
 C = Inter-level travel time spent in this place.
 D = Time resting spent in this place.
 E = Time spent auto-exploring this place.
 F = Levels seen in this place.
 G = Mean time per level.
                   A        B        C        D        E       F      G
               +--------+--------+--------+--------+--------+-----+--------+
         Total |   3386 |   3265 |    121 |    786 |   2109 |   3 | 1128.7 |
       Dungeon |   3386 |   3265 |    121 |    786 |   2109 |   3 | 1128.7 |
               +--------+--------+--------+--------+--------+-----+--------+

Top non-repeatable levels by time:
     D:2: 1851 daAuts
     D:1: 1236 daAuts
     D:3: 297 daAuts
